 Dungeon Crawl Stone Soup version 0.30-a0-377-g5cb311bc9f (webtiles) character file.

Game seed: 14556336392356830142

2704 Essalna the Zephyrmancer (level 9, 0/56 HPs)
             Began as a Tengu Air Elementalist on Nov 29, 2022.
             Slain by an orc warrior
             ... wielding a +0 glaive
              (19 damage)
             ... on level 7 of the Dungeon.
             The game lasted 00:17:00 (8279 turns).

Essalna the Zephyrmancer (Tengu Air Elementalist)   Turns: 8279, Time: 00:17:01

Health: 0/56       AC:  6    Str:  8    XL:     9   Next: 65%
Magic:  14/14      EV: 15    Int: 19    God:
Gold:   386        SH:  0    Dex: 16    Spells: 7/14 levels left

rFire   + . .      SeeInvis .    r - +6 trident "Aubergine" {drain, +Blink Fly rPois}
rCold   . . .      Faith    .    (no shield)
rNeg    . . .      Spirit   .    x - +2 leather armour {rF+}
rPois   +          Reflect  .    (helmet restricted)
rElec   .          Harm     .    t - +0 cloak
rCorr   .          Rampage  .    (no gloves)
Will    .....                    (boots unavailable)
Stlth   ++........               (no amulet)
HPRegen 0.29/turn                E - ring of poison resistance
MPRegen 0.14/turn                (no ring)

@: flying quickly and evasively, quick
A: beak, talons 3, nimble flight
a: Evoke Blink


You were on level 7 of the Dungeon.
You visited 2 branches of the dungeon, and saw 9 of its levels.

You collected 386 gold pieces.

Inventory:

Hand Weapons
 n - a +3 short sword of holy wrath
 q - a +2 hand axe of venom
 r - the +6 trident "Aubergine" (weapon) {drain, +Blink Fly rPois}
   (You took it off a hobgoblin on level 3 of the Dungeon)

   A truly terrible weapon, it drains the life of any living foe it strikes.
   rPois:     It protects you from poison.
   Fly:       It grants you flight.
   +Blink:    It lets you blink.
 G - the +5 demon whip "Spellbinder" {antimagic, Will+}
   (You found it on level 6 of the Dungeon)

   It reduces the magical energy of the wielder, and disrupts the spells and
   magical abilities of those it strikes.
   Natural abilities and divine invocations are not affected.
   It unleashes wild and unpredictable magical effects upon striking a wizard or
   a creature with magical abilities.
   Will:      It increases your willpower.
Missiles
 b - 2 throwing nets
Armour
 a - a +0 robe
 s - an orb of energy
 t - a +0 cloak (worn)
 x - a +2 leather armour of fire resistance (worn)
Magical Staves
 p - a staff of fire
 u - a staff of cold
Jewellery
 E - a ring of poison resistance (left hand)
 H - a ring of fire
Wands
 c - a wand of roots (6)
Scrolls
 w - a scroll of fear
 y - a scroll of poison
Potions
 d - 5 potions of curing
 f - a potion of brilliance
 g - a potion of invisibility
 i - a potion of lignification
 j - a potion of haste
 k - a potion of cancellation {unknown}
 l - 2 potions of resistance {unknown}
 o - 2 potions of flight {unknown}
 z - 2 potions of attraction {unknown}
 I - a potion of might {unknown}


   Skills:
 + Level 6.9 Fighting
 + Level 2.4 Armour
 + Level 3.5 Dodging
 - Level 2.0 Stealth
 + Level 3.0 Spellcasting
 + Level 9.2 Conjurations
 + Level 10.0 Air Magic


You had 7 spell levels left.
You knew the following spells:

 Your Spells              Type           Power      Damage    Failure   Level
a - Shock                 Conj/Air       100%       1d9       1%          1
b - Static Discharge      Conj/Air       78%        2-6/arc   1%          2
c - Airstrike             Air            20%        2d(3-19)  3%          4

Your spell library contained the following spells:

 Spells                   Type           Power      Damage    Failure   Level
 Swiftness                Air            40%        N/A       1%          3
 Apportation              Tloc           4%         N/A       22%         1
 Irradiate                Conj/Tmut      10%        3d15      65%         5
 Alistair's Intoxication  Tmut/Pois      1%         N/A       99%         5
 Blade Hands              Tmut           1%         N/A       99%         5
 Yara's Violent Unravell  Hex/Tmut       1%         3d3       99%         5
 Dragon Form              Tmut           1%         N/A       100%        7
 Enfeeble                 Hex            1%         N/A       100%        7


Dungeon Overview and Level Annotations

Branches:
Dungeon (8/15)             Temple (1/1) D:4
   Lair: D:8-11

Altars:
Ashenzari
Cheibriados
Elyvilon
Fedhas
Gozag
Kikubaaqudgha
Makhleb
Nemelex Xobeh
Okawaru
Qazlal
Sif Muna
Trog
Wu Jian
Xom
Yredelemnul
The Shining One

Shops:
D:7 *


Innate Abilities, Weirdness & Mutations

You have a beak for a mouth.
You have claws for feet.
Your magical nature lets you fly swiftly and evasively.


Message History

The gnoll hits you from afar with a +0 halberd!
You feel better.
The sentinel's mark upon you fades away.
The bullfrog completely misses you. The gnoll closely misses you.
The bullfrog hits you but does no damage.
The gnoll bouda closely misses you. The gnoll barely misses you.
As you read the scroll of teleportation, it crumbles to dust.
You feel strangely unstable.
The large slime creature quivers.
The bullfrog closely misses you. The gnoll barely misses you.
The gnoll bouda misses you. The gnoll barely misses you.
You puncture the gnoll! You drain the gnoll.
You kill the gnoll!
The gnoll is no longer moving quickly.
The bullfrog closely misses you. The bullfrog hits you.
Your Spellcasting skill increases to level 3!
You closely miss the gnoll. Your peck misses the gnoll.
The gnoll is severely wounded.
The bullfrog closely misses you. The gnoll hits you with a +0 halberd!
The gnoll bouda hits you with a +0 club!
The bullfrog hits you but does no damage.
The hornet barely misses you.
You hit the gnoll.
The gnoll is almost dead.
You flicker for a moment.
The bullfrog barely misses you. The hornet closely misses you.
A large slime creature splits.
The gnoll bouda barely misses you. The bullfrog hits you.
* * * LOW HITPOINT WARNING * * *
The hornet closely misses you.
Your surroundings suddenly seem different.
You see here a +0 halberd.
There is a stone staircase leading up here.
Things that are here:
a +0 club; a +0 whip You flicker back into view.
You fly upwards.
There is a stone staircase leading down here.
The orc warrior hits you from afar with a +0 glaive!!
You die...

.<........# #....#
..........# ###[##
[.........## #.#
..)....[.[.## ###.##
............# #....#
.......|.#..####....#
...........o..##....#
........##.#..o.....#
#.#####.##.##.##@...#
#.# #.....#.##....#
#.### ####..#..#....#
....# #..........#
.#########..##...##.#
...<)o).o....##..# .#
#..........#.##..# .#
...........#.###.. .#
############## .#


You could see an orc warrior and an orc priest.

Vanquished Creatures
  Eustachio (D:5)
  Menkaure (D:4)
  Duvessa (D:6)
  2 orc warriors (D:7)
  2 sky beasts
  A black bear (D:6)
  An ogre (D:6)
  2 kobold brigands
  Blork the orc (D:5)
  2 necrophages (D:7)
  3 bullfrogs (D:7)
  A gnoll sergeant (D:8)
  3 scorpions
  Dowan (D:6)
  6 killer bees (D:8)
  4 hounds
  Crazy Yiuf (D:5)
  An orc priest (D:7)
  2 gnoll boudas
  An iguana (D:5)
  7 orc wizards
  9 gnolls
  4 adders
  A shadow imp (D:5)
  A white imp (D:5)
  2 ufetubi
  4 worms
  3 dart slugs
  23 orcs
  10 ball pythons
  2 bats
  10 endoplasms
  3 giant cockroaches
  6 goblins
  6 hobgoblins
  7 jackals
  6 quokkas
  3 frilled lizards
  19 kobolds
  3 rats
166 creatures vanquished.

Notes
Turn   | Place    | Note
-------+----------+-------------------------------------------
     0 | D:1      | Essalna the Tengu Air Elementalist began the quest for the
                  | Orb.
     0 | D:1      | Reached XP level 1. HP: 10/10 MP: 4/4
   178 | D:1      | Reached XP level 2. HP: 16/16 MP: 4/6
   316 | D:1      | Reached skill level 1 in Fighting
   572 | D:1      | Reached XP level 3. HP: 16/20 MP: 0/7
  1378 | D:2      | Reached XP level 4. HP: 16/26 MP: 2/8
  1771 | D:2      | Reached skill level 5 in Air Magic
  2094 | D:3      | Learned a level 2 spell: Static Discharge
  2559 | D:3      | Identified the +6 trident "Aubergine" {drain, +Blink Fly
                  | rPois}
  2972 | D:4      | Noticed Menkaure
  3113 | D:4      | Gained mutation: Your magical nature lets you fly swiftly
                  | and evasively. [Tengu growth]
  3113 | D:4      | Reached XP level 5. HP: 12/31 MP: 0/9
  3114 | D:4      | Killed Menkaure
  3115 | D:4      | Reached skill level 6 in Air Magic
  3115 | D:4      | Reached XP level 6. HP: 8/37 MP: 7/10
  3487 | D:4      | Found a staircase to the Ecumenical Temple.
  3496 | Temple   | Entered the Ecumenical Temple
  4216 | D:5      | Entered Level 5 of the Dungeon
  4277 | D:5      | Found a runed translucent door.
  4278 | D:5      | Noticed Crazy Yiuf
  4287 | D:5      | Killed Crazy Yiuf
  4288 | D:5      | Reached skill level 5 in Conjurations
  4378 | D:5      | Noticed a sky beast
  4431 | D:5      | Killed a sky beast
  4432 | D:5      | Reached XP level 7. HP: 36/42 MP: 11/11
  4850 | D:5      | Reached skill level 7 in Air Magic
  4917 | D:5      | Noticed Blork the orc
  4924 | D:5      | Killed Blork the orc
  4993 | D:5      | Noticed Eustachio
  5004 | D:5      | Killed Eustachio
  5535 | D:6      | Noticed Duvessa
  5535 | D:6      | Noticed Dowan
  5540 | D:6      | Found an opulent altar of Gozag.
  5642 | D:6      | Killed Duvessa
  5643 | D:6      | Reached skill level 5 in Fighting
  5643 | D:6      | Reached XP level 8. HP: 41/49 MP: 8/12
  5651 | D:6      | Reached skill level 8 in Air Magic
  5651 | D:6      | Killed Dowan
  6517 | D:6      | Found the +5 demon whip "Spellbinder" {antimagic, Will+}
  6577 | D:7      | Reached skill level 9 in Air Magic
  6825 | D:7      | Reached XP level 9. HP: 45/56 MP: 2/13
  6923 | D:6      | Learned a level 4 spell: Airstrike
  6945 | D:7      | Found Xem Hac's Gadget Gallery.
  7365 | D:7      | Reached skill level 1 in Armour
  8246 | D:8      | Reached skill level 10 in Air Magic
  8246 | D:8      | Noticed a hornet
  8248 | D:8      | Noticed a centaur warrior
  8251 | D:8      | Noticed a manticore
  8254 | D:8      | Noticed a troll
  8262 | D:8      | Noticed a boulder beetle
  8279 | D:7      | Slain by an orc warrior

Illustrated notes

Levels and vault maps discovered:
D:1:      saegor_arrival_simple_d, layout_rooms, chequers_decorated_corner
D:2:      minmay_chambers_of_ones, layout_loops_ring, minmay_misc_feat_columns
D:3:      layout_basic
D:4:      layout_cave_pools, lemuel_temple_firewalk_b, uniq_menkaure
D:5:      layout_cave_pools, chequers_serial_rivers_room_b,
          uniq_crazy_yiuf_cottage, uniq_eustachio, uniq_blork_the_orc
D:6:      layout_loops_ring, amcnicky_altar_gilded, uniq_duvessa
D:7:      layout_rooms, nicolae_shop_gadgets
D:8:      minmay_the_grid_triangle_9x9_recursive_2
          [minmay_the_grid_triangle_9x9_prize_center,
          minmay_the_grid_triangle_9x9_cache,
          minmay_the_grid_triangle_9x9_descending_squares,
          minmay_the_grid_triangle_9x9_sprig], layout_loops_ring,
          lemuel_coloured_pillars_altar, nicolae_ru_awakened_eye
Temple:   bh_familiar_temple

Skill      XL: |  1  2  3  4  5  6  7  8  9 |
---------------+----------------------------+-----
Conjurations   | 2 3 4 5 6 8 9 |  9.2
Fighting       | 1 2 3 5 6 |  6.9
Air Magic      | 5 6 7 9 10 | 10.0
Armour         | 2 |  2.4
Dodging        | 3 |  3.5
Spellcasting   | 3 |  3.0
Stealth        | |  2.0

Action                   |  1- 3 |  4- 6 |  7- 9 || total
-------------------------+-------+-------+-------++-------
Melee: Unarmed           |    18 |     3 |       ||    21
       Kick              |     7 |     1 |    12 ||    20
       Peck              |     2 |       |    14 ||    16
       Trident           |       |     4 |    68 ||    72
 Cast: Shock             |    71 |    97 |   185 ||   353
       Static Discharge  |       |     6 |    24 ||    30
       Airstrike         |       |       |     5 ||     5
Evoke: Wand              |       |       |     2 ||     2
  Use: Potion            |       |     1 |     7 ||     8
       Scroll            |       |       |    15 ||    15
 Stab: Sleeping          |       |     1 |       ||     1
       Distracted        |       |       |     1 ||     1
Armor: Robe              |     5 |     8 |     8 ||    21
       Leather armour    |       |       |    11 ||    11
Dodge: Dodged            |    39 |    18 |   156 ||   213

Table legend: (Time is in decaauts)
 A = Elapsed time spent in this place.
 B = Non-inter-level travel time spent in this place.
 C = Inter-level travel time spent in this place.
 D = Time resting spent in this place.
 E = Time spent auto-exploring this place.
 F = Levels seen in this place.
 G = Mean time per level.
                   A        B        C        D        E       F      G
               +--------+--------+--------+--------+--------+-----+--------+
         Total |   8069 |   7746 |    323 |    579 |   6116 |   9 |  896.6 |
       Dungeon |   7892 |   7587 |    305 |    579 |   5964 |   8 |  986.5 |
        Temple |    176 |    158 |     18 |      0 |    152 |   1 |  176.0 |
               +--------+--------+--------+--------+--------+-----+--------+

Top non-repeatable levels by time:
     D:6: 1380 daAuts
     D:5: 1182 daAuts
     D:3: 1153 daAuts
     D:2: 1085 daAuts
     D:1: 917 daAuts
     D:4: 814 daAuts
     D:7: 697 daAuts
     D:8: 661 daAuts
  Temple: 176 daAuts
